 Dungeon Crawl Stone Soup version 0.30-a0-364-gf6b3ef1049 (webtiles) character file.

Game seed: 15239038020160487717

200 Ijustatesigmund the Magician (level 5, -1/28 HPs)
             Began as a Deep Elf Fire Elementalist on Nov 15, 2022.
             Slain by a white imp (2 damage)
             ... on level 3 of the Dungeon.
             The game lasted 00:04:40 (2193 turns).

Ijustatesigmund the Magician (DEFE)                 Turns: 2193, Time: 00:04:41

Health: -1/28      AC:  2    Str:  5    XL:     5   Next: 48%
Magic:  12/14      EV: 12    Int: 22    God:
Gold:   173        SH:  0    Dex: 15    Spells: 11/14 levels left

rFire   . . .      SeeInvis .    k - +0 flail (protect)
rCold   . . .      Faith    .    (no shield)
rNeg    . . .      Spirit   .    a - +0 robe
rPois   .          Reflect  .    (no helmet)
rElec   .          Harm     .    (no cloak)
rCorr   .          Rampage  .    (no gloves)
Will    .....                    (no boots)
Stlth   ++........               (no amulet)
HPRegen 0.24/turn                f - ring of flight
MPRegen 0.14/turn                (no ring)

@: flying
A: no striking features
a: no special abilities


You were on level 3 of the Dungeon.
You visited 1 branch of the dungeon, and saw 3 of its levels.

You collected 173 gold pieces.

Inventory:

Hand Weapons
 c - a +0 short sword
 k - a +0 flail of protection (weapon)
Armour
 a - a +0 robe (worn)
Jewellery
 e - a ring of resist corrosion
 f - a ring of flight (left hand)
Scrolls
 d - a scroll of brand weapon {unknown}
 j - a scroll of identify
 l - a scroll of amnesia
Potions
 h - a potion of lignification
 i - a potion of brilliance {unknown}


   Skills:
 + Level 0.7 Fighting
 - Level 2.4 Dodging
 - Level 2.4 Stealth
 + Level 5.0 Spellcasting
 + Level 3.3 Conjurations
 + Level 4.7 Fire Magic


You had 11 spell levels left.
You knew the following spells:

 Your Spells              Type           Power      Damage    Failure   Level
a - Foxfire               Conj/Fire      92%        2x1d8     1%          1
b - Scorch                Fire           52%        2d7       2%          2

Your spell library contained the following spells:

 Spells                   Type           Power      Damage    Failure   Level
 Inner Flame              Hex/Fire       15%        N/A       12%         3
 Cigotuvi's Dreadful Rot  Necr/Pois/Air  10%        N/A       16%         2
 Poisonous Vapours        Pois/Air       10%        N/A       16%         2
 Kindle Blastsparks       Fire/Tloc/Air  24%        2d12      16%         3
 Mephitic Cloud           Conj/Pois/Air  10%        N/A       19%         3
 Flame Wave               Conj/Fire      23%        2d8       19%         4


Dungeon Overview and Level Annotations

Branches:
Dungeon (3/15)

Altars:
Okawaru

Shops:
D:1 [


Message History

You are frozen.
Casting: Foxfire (safe; 1% risk of failure)
Confirm with . or Enter, or press ? or * to list all spells.
Flames lash the endoplasm.
The endoplasm is almost dead.
The endoplasm's fire resistance burns away.
You hear a shout!
The orc barely misses you.
A goblin comes into view. It is wielding a +0 dagger.
The endoplasm barely misses you.
Casting: Scorch (safe; 2% risk of failure)
Confirm with . or Enter, or press ? or * to list all spells.
You conjure some foxfire!
The orc hits you with a +0 antimagic hand axe.
* * * LOW HITPOINT WARNING * * *
You feel your power leaking away. The endoplasm barely misses you.
The foxfire hits the endoplasm!
The endoplasm is burned terribly!
You kill the endoplasm!
The foxfire hits the orc.
You kill the orc!
Okay, then.
It was a potion of curing.
You feel better. The white imp hits you. The white imp freezes you.
* * * LOW HITPOINT WARNING * * *
Magic courses through your body. The white imp hits you.
* * * LOW HITPOINT WARNING * * *
The white imp freezes you.
* * * LOW HITPOINT WARNING * * *
Casting: Foxfire (safe; 1% risk of failure)
Confirm with . or Enter, or press ? or * to list all spells.
Flames lash the orc.
You kill the orc!
The white imp gestures at you. The puff of frost hits you.
* * * LOW HITPOINT WARNING * * *
The white imp hits you.
* * * LOW HITPOINT WARNING * * *
The white imp freezes you.
You die...

.###+#### ........#
#....<####
#.#......######.#
.....#+###....>.)..
###. #......#####.
.. .####...# ..
....#.g@### .
........5o#
.##....##r#
.......##)...r?oo
####...#########.
..... ##.#.. ..#..
## ...


You could see a white imp, an orc, a quokka and a goblin.

Vanquished Creatures
  A black bear (D:2)
  Terence (D:2)
  2 adders (D:2)
  A worm (D:2)
  3 dart slugs (D:1)
  3 orcs (D:3)
  5 endoplasms
  8 goblins
  9 hobgoblins
  2 jackals (D:2)
  A kobold (D:1)
  A quokka (D:1)
  4 ball pythons
  5 bats
  4 frilled lizards (D:1)
  4 rats
54 creatures vanquished.

Vanquished Creatures (others)
  148 foxfires
148 creatures vanquished.

Grand Total: 202 creatures vanquished

Notes
Turn   | Place    | Note
-------+----------+-------------------------------------------
     0 | D:1      | Ijustatesigmund the Deep Elf Fire Elementalist began the
                  | quest for the Orb.
     0 | D:1      | Reached XP level 1. HP: 10/10 MP: 6/6
   127 | D:1      | Reached XP level 2. HP: 15/15 MP: 6/8
   130 | D:1      | Learned a level 2 spell: Scorch
   561 | D:1      | Found Qaemukk's Antique Armour Boutique.
   573 | D:1      | Reached XP level 3. HP: 18/19 MP: 3/10
  1091 | D:2      | Noticed a black bear
  1096 | D:2      | Killed a black bear
  1097 | D:2      | Reached skill level 4 in Spellcasting
  1097 | D:2      | Reached XP level 4. HP: 14/24 MP: 5/12
  1162 | D:2      | Reached XP level 5. HP: 28/28 MP: 11/14
  1221 | D:2      | Found an iron altar of Okawaru.
  1608 | D:2      | Found a faded altar of an unknown god.
  1797 | D:2      | Noticed Terence
  1814 | D:2      | Killed Terence
  2177 | D:3      | Reached skill level 5 in Spellcasting
  2193 | D:3      | HP: 1/28 [white imp (2)]
  2193 | D:3      | Slain by a white imp

Illustrated notes

Levels and vault maps discovered:
D:1:      lordsloth_arrival_two_stooges, layout_rooms, serial_shops, shop_coins
D:2:      layout_loops_ring, serial_co_window_serial, co_window_corner_a,
          co_window_corner_a, co_window_corner_a, co_window_corner_a,
          co_window_paths_a, co_window_unsneaky_path_b, co_window_broadway_c,
          co_window_2corner, co_window_broadway_a, co_window_cross_4,
          co_window_4corner_b, glass_columns_c, glass_columns_a,
          glass_columns_a, glass_columns_a, glass_columns_b, basic_altar,
          ebering_ecumenical_altar_mist, uniq_terence
D:3:      layout_basic, serial_shops, shop, chequers_serial_rivers_room_b,
          uniq_crazy_yiuf_cottage, uniq_robin

Skill      XL: |  1  2  3  4  5 |
---------------+----------------+-----
Conjurations   | 2 3 |  3.3
Spellcasting   | 4 5 |  5.0
Fire Magic     | 4 |  4.7
Fighting       | |  0.7
Dodging        | |  2.4
Stealth        | |  2.4

Action                   |  1- 3 |  4- 6 || total
-------------------------+-------+-------++-------
 Cast: Foxfire           |    52 |    36 ||    88
       Scorch            |     2 |     8 ||    10
  Use: Scroll            |     2 |       ||     2
       Potion            |       |     3 ||     3
Armor: Robe              |     1 |     7 ||     8
       Skin              |       |     4 ||     4
Dodge: Dodged            |     4 |    20 ||    24

Table legend: (Time is in decaauts)
 A = Elapsed time spent in this place.
 B = Non-inter-level travel time spent in this place.
 C = Inter-level travel time spent in this place.
 D = Time resting spent in this place.
 E = Time spent auto-exploring this place.
 F = Levels seen in this place.
 G = Mean time per level.
                   A        B        C        D        E       F      G
               +--------+--------+--------+--------+--------+-----+--------+
         Total |   2190 |   2142 |     48 |    180 |   1618 |   3 |  730.0 |
       Dungeon |   2190 |   2142 |     48 |    180 |   1618 |   3 |  730.0 |
               +--------+--------+--------+--------+--------+-----+--------+

Top non-repeatable levels by time:
     D:2: 1310 daAuts
     D:1: 847 daAuts
     D:3: 32 daAuts
